 Dungeon Sprint DCSS version 0.30-a0-852-g08b95dd62f (webtiles) character file.

Game seed: 7006407828497631985

760 dialectric the Unseen (level 7, -16/37 HPs)
             Began as a Spriggan Brigand on Mar 5, 2023.
             Was an Initiate of Dithmenos.
             Demolished by a tentacle (20 damage)
             ... attached to a kraken
             ... in the Dungeon (Sprint II: "The Violet Keep of Menkaure").
             The game lasted 00:01:16 (135 turns).

dialectric the Unseen (Spriggan Brigand)             Turns: 135, Time: 00:01:17

Health: -16/37     AC:  3    Str:  7    XL:     7   Next: 50%
Magic:  8/8        EV: 23    Int: 13    God:    Dithmenos [......]
Gold:   486        SH:  0    Dex: 18    Spells: 6/6 levels left

rFire   . . .      SeeInvis +    a - +2 dagger
rCold   . . .      Faith    .    (no shield)
rNeg    . . .      Spirit   .    b - +0 robe
rPois   .          Reflect  .    (helmet restricted)
rElec   .          Rampage  .    c - +0 cloak
rCorr   .          NoTele   +    (gloves unavailable)
Will    +....                    (boots unavailable)
Stlth   +++                      (no amulet)
HPRegen 0.26/turn                (no ring)
MPRegen 0.11/turn                (no ring)

@: slow
A: very small, no large weapons, unfitting armour, see invisible, speed 3
a: Renounce Religion


You were in the Dungeon.
You worshipped Dithmenos.
Dithmenos was noncommittal.
You visited 1 branch You collected 486 gold pieces.

Inventory:

Hand Weapons
 a - a +2 dagger (weapon)
Missiles
 d - 9 poisoned darts
 e - a curare-tipped dart (quivered)
Armour
 b - a +0 robe (worn)
 c - a +0 cloak (worn)
Potions
 f - a potion of curing
 g - a potion of heal wounds
 h - a potion of haste
 i - 2 potions of magic


   Skills:
 + Level 4.2 Fighting
 * Level 10.2 Short Blades
 + Level 5.0 Throwing
 * Level 9.3 Dodging
 + Level 15.9 Stealth


You had 6 spell levels left.
You didn't know any spells.
Your spell library was empty.

Dungeon Overview and Level Annotations

Branches:
Dungeon (1/1)

Altars:
Cheibriados
Dithmenos
Elyvilon
Fedhas
Gozag
Hepliaklqana
Kikubaaqudgha
Makhleb
Nemelex Xobeh
Okawaru
Qazlal
Ru
Sif Muna
Trog
Uskayaw
Vehumet
Wu Jian
Xom
Yredelemnul
Zin
The Shining One
Jiyva
Lugonu

Shops:
D :

Annotations:
D exclusion: ice statue


Innate Abilities, Weirdness & Mutations

You are very small and have problems with some larger weapons.
You are too small for most types of armour.
You have supernaturally acute eyesight. (SInv)
You cover ground extremely quickly. (Speed+++)


Message History

[Y]es or [N]o only, please.
Really walk into a travel-excluded area?
You enter the shallow water.
Moving in this stuff is going to be slow.
Blink to where?
Press: ? - help, Dir - move target, p - water moccasin Splash!
As you read the scroll of blinking, it crumbles to dust.
The walls and floor vibrate strangely for a moment.
The water moccasin fails to trigger a net trap.
The water moccasin hisses angrily.
A kraken comes into view.
Tentacles burst out of the water! 2 tentacles come into view.
A tentacle comes into view.
The tentacle barely misses you. The tentacle completely misses you.
The tentacle moves out of view.
Your unstable footing causes you to fumble your attack.
The tentacle slaps you!
* * * LOW HITPOINT WARNING * * *
Unknown command.
You hit the tentacle.
The tentacle is lightly wounded.
You hit the tentacle.
The tentacle is lightly wounded.
The tentacle completely misses you.
Your unstable footing causes you to fumble your attack.
The tentacle slaps you but does no damage.
The polar bear barely misses you. The polar bear claws you.
* * * LOW HITPOINT WARNING * * *
The polar bear misses you.
Your unstable footing causes you to fumble your attack.
The tentacle misses you.
Your unstable footing causes you to fumble your attack.
The polar bear barely misses you. The polar bear completely misses you.
The polar bear claws you.
* * * LOW HITPOINT WARNING * * *
The tentacle slaps you!!
Ouch! That really hurt!
You die...

#. # +.### =▓[:(!$([(▓▓
# ...# ##▓!??[?[!$▓▓ ##
#..# c#▓$$!![??$▓▓ .#
+..# h#▓?$|$()$!▓▓ .#
#..# y#▓$??$?[![▓▓
.####..##.#▓$?!$!?!!▓▓
...###.^.##▓▓▓▓▓▓▓+▓▓▓▓+
.....§~~~(~~hShh@w───Xw≈
.§..§~#'########+###.ww≈
~§§.§~#.._.....#S§~# ≈
~~§~.~#._._....#~~≈§#
≈§~~~~#_._._...#~~~~≈#
§§≈~~~#._._._..#~§~§§≈
§§§≈≈~#_._._._.#§§~§~≈
§###≈≈#._._._._#~§§§≈~
#≈≈#_._._._.#~~≈


You could see a kraken, 4 tentacles, 3 polar bears and a water moccasin.

Vanquished Creatures
  2 wyverns (D)
  Menkaure (D)
  A water moccasin (D)
  4 necrophages (D)
8 creatures vanquished.

Notes
Turn   | Place    | Note
-------+----------+-------------------------------------------
     0 | D        | dialectric the Spriggan Brigand began the quest for the
                  | Orb.
     0 | D        | Reached XP level 1. HP: 10/10 MP: 2/2
     1 | D        | Noticed a necrophage
     1 | D        | Noticed a necrophage
     1 | D        | Noticed a necrophage
     1 | D        | Noticed a necrophage
    13 | D        | Killed a necrophage
    14 | D        | Reached skill level 11 in Stealth
    14 | D        | Reached XP level 2. HP: 14/15 MP: 3/3
    14 | D        | Reached XP level 3. HP: 18/18 MP: 4/4
    19 | D        | Killed a necrophage
    20 | D        | Reached skill level 14 in Stealth
    20 | D        | Reached XP level 4. HP: 21/23 MP: 5/5
    23 | D        | Killed a necrophage
    24 | D        | Reached skill level 5 in Short Blades
    24 | D        | Reached XP level 5. HP: 26/28 MP: 6/6
    30 | D        | Reached skill level 5 in Dodging
    35 | D        | Noticed an ice statue
    37 | D        | Noticed a water moccasin
    38 | D        | Found Kunaf's Book Boutique.
    39 | D        | Killed a water moccasin
    40 | D        | Reached XP level 6. HP: 23/32 MP: 7/7
    48 | D        | Noticed a wyvern
    48 | D        | Noticed a wyvern
    51 | D        | Killed a wyvern
    54 | D        | Killed a wyvern
    55 | D        | Reached skill level 15 in Stealth
    55 | D        | Reached XP level 7. HP: 31/37 MP: 8/8
    58 | D        | Noticed a boulder beetle
    58 | D        | Noticed a boulder beetle
    66 | D        | Noticed Menkaure
    69 | D        | Killed Menkaure
    70 | D        | Reached skill level 10 in Short Blades
    70 | D        | Reached skill level 5 in Throwing
    70 | D        | Found a stormy altar of Qazlal.
    70 | D        | Found an ornate altar of the Wu Jian Council.
    71 | D        | Found a hazy altar of Hepliaklqana.
    71 | D        | Found a sacrificial altar of Ru.
    72 | D        | Found a viscous altar of Jiyva.
    72 | D        | Found a shimmering blue altar of Sif Muna.
    74 | D        | Found a snail-covered altar of Cheibriados.
    74 | D        | Found an ancient bone altar of Kikubaaqudgha.
    74 | D        | Found a shimmering altar of Xom.
    74 | D        | Found a bloodstained altar of Trog.
    75 | D        | Found a shadowy altar of Dithmenos.
    75 | D        | Found a corrupted altar of Lugonu.
    76 | D        | Found a white marble altar of Elyvilon.
    76 | D        | Found a burning altar of Makhleb.
    77 | D        | Found a blossoming altar of Fedhas.
    79 | D        | Found an opulent altar of Gozag.
    79 | D        | Found a glowing golden altar of the Shining One.
    79 | D        | Found a basalt altar of Yredelemnul.
    79 | D        | Found a hide-covered altar of Uskayaw.
    79 | D        | Found a sparkling altar of Nemelex Xobeh.
    80 | D        | Found a glowing silver altar of Zin.
    80 | D        | Found a radiant altar of Vehumet.
    80 | D        | Found an iron altar of Okawaru.
    84 | D        | Became a worshipper of Dithmenos the Shadowed
   118 | D        | Noticed a hornet
   118 | D        | Noticed a yaktaur
   118 | D        | Noticed a polar bear
   118 | D        | Noticed a polar bear
   120 | D        | Noticed a polar bear
   128 | D        | Noticed a kraken
   135 | D        | Demolished by a tentacle

Illustrated notes

Levels and vault maps discovered:
D:        the_violet_keep_of_menkaure [sprint2_stairs_cluster_1,
          sprint2_shoproom, sprint2_temple, sprint2_basic_supplies,
          sprint2_obstacle_6, sprint2_obstacle_7, sprint2_obstacle_2,
          sprint2_obstacle_1, sprint2_obstacle_3, sprint2_timed_cluster_1,
          sprint2_smallroom_cluster_1, sprint2_smallroom_final_cluster_1,
          sprint2_transparent_cluster_1, sprint2_second_timed_cluster_1,
          sprint2_sniper_area_1, sprint2_heavy_combat_area_1,
          sprint2_mutation_trap_area_1, sprint2_forest_area_1,
          sprint2_light_combat_area_1, sprint2_behind_water_1,
          sprint2_near_end_vault_1]

Skill      XL: |  1  2  3  4  5  6  7 |
---------------+----------------------+-----
Fighting       | 2 3 4 |  4.2
Short Blades   | 3 5 8 9 10 | 10.2
Stealth        | 11 14 15 | 15.9
Throwing       | 3 4 5 |  5.0
Dodging        | 2 4 7 9 |  9.3

Action                     |  1- 3 |  4- 6 |  7- 9 || total
---------------------------+-------+-------+-------++-------
  Melee: Dagger            |    12 |    13 |    25 ||    50
         Punch             |       |     1 |       ||     1
  Throw: Dart              |       |       |     2 ||     2
    Use: Potion            |     1 |       |       ||     1
         Scroll            |       |       |     1 ||     1
   Stab: Sleeping          |       |     3 |     1 ||     4
 Armour: Robe              |     1 |       |     2 ||     3
  Dodge: Dodged            |     3 |     3 |    30 ||    36

Table legend: (Time is in decaauts)
 A = Elapsed time spent in this place.
 B = Non-inter-level travel time spent in this place.
 C = Inter-level travel time spent in this place.
 D = Time resting spent in this place.
 E = Time spent auto-exploring this place.
 F = Levels seen in this place.
 G = Mean time per level.
                   A        B        C        D        E       F      G
               +--------+--------+--------+--------+--------+-----+--------+
         Total |    108 |    108 |      0 |      0 |      0 |   1 |  108.0 |
       Dungeon |    108 |    108 |      0 |      0 |      0 |   1 |  108.0 |
               +--------+--------+--------+--------+--------+-----+--------+

Top non-repeatable levels by time:
       D: 108 daAuts
